 Dungeon Crawl Stone Soup version 0.29.1-14-g9c671dbff4 (webtiles) character file.

Game seed: 14536360303287250736

439 devnull the Chopper (level 7, -1/52 HPs)
             Began as a Human Fighter on Feb 19, 2023.
             Slain by an ogre
             ... wielding a +0 giant spiked club
              (33 damage)
             ... on level 4 of the Dungeon.
             The game lasted 00:06:49 (4505 turns).

devnull the Chopper (Human Fighter)                 Turns: 4505, Time: 00:06:50

Health: -1/52      AC: 13    Str: 18    XL:     7   Next: 22%
Magic:  7/7        EV:  6    Int: 14    God:
Gold:   234        SH:  4    Dex: 13    Spells: 6/6 levels left

rFire   . . .      SeeInvis .   a - +2 spear (venom)
rCold   . . .      Faith    .   c - +0 buckler
rNeg    . . .      Spirit   .   v - +0 chain mail
rPois   .          Reflect  .   (no helmet)
rElec   .          Harm     .   z - +0 cloak
rCorr   .          Rampage  .   (no gloves)
Will    .....                   d - +2 pair of boots
Stlth   ..........              (no amulet)
HPRegen 0.17/turn               q - +6 ring of intelligence
MPRegen 0.10/turn               (no ring)

@: no status effects
A: no striking features
a: no special abilities


You were on level 4 of the Dungeon.
You visited 1 branch of the dungeon, and saw 5 of its levels.

You collected 234 gold pieces.

Inventory:

Hand Weapons
 a - a +2 spear of venom (weapon)
 b - a +1 vorpal sling
 m - a +0 war axe
Missiles
 j - 6 poisoned darts (quivered)
Armour
 c - a +0 buckler (worn)
 d - a +2 pair of boots (worn)
 v - a +0 chain mail (worn)
 z - a +0 cloak (worn)
Jewellery
 q - a +6 ring of intelligence (left hand)
Wands
 y - a wand of flame (16)
Scrolls
 e - 2 scrolls of magic mapping
 g - 2 scrolls of enchant weapon
 o - 4 scrolls of teleportation
 r - a scroll of acquirement {unknown}
 t - a scroll of blinking {unknown}
 u - a scroll of summoning {unknown}
 w - a scroll of torment {unknown}
 B - a scroll of noise {unknown}
 C - a scroll of poison {unknown}
 D - a scroll of identify
Potions
 f - 2 potions of mutation {unknown}
 h - a potion of magic {unknown}
 i - a potion of ambrosia {unknown}
 k - 3 potions of heal wounds {unknown}
 l - 3 potions of lignification {unknown}
 n - a potion of invisibility {unknown}
 p - a potion of curing {unknown}
 s - a potion of haste {unknown}
 x - a potion of berserk rage {unknown}
 A - a potion of degeneration {unknown}


   Skills:
 - Level 3.0 Fighting
 + Level 7.3 Axes
 - Level 3.0 Armour
 - Level 3.0 Shields


You had 6 spell levels left.
You didn't know any spells.
Your spell library contained the following spells:

 Spells                   Type           Power      Damage    Failure   Level
 Beastly Appendage        Tmut           0%         N/A       99%         1
 Summon Small Mammal      Summ           0%         N/A       99%         1
 Wereblood                Tmut           0%         N/A       100%        2
 Call Canine Familiar     Summ           0%         N/A       100%        3
 Gell's Gravitas          Tloc           0%         N/A       100%        3
 Lesser Beckoning         Tloc           0%         N/A       100%        3
 Spider Form              Tmut/Pois      0%         N/A       100%        3
 Summon Guardian Golem    Hex/Summ       0%         N/A       100%        3
 Teleport Other           Tloc           0%         N/A       100%        3


Dungeon Overview and Level Annotations

Branches:
Dungeon (5/15)
 Temple: D:4-7

Altars:
Vehumet
Wu Jian

Annotations:
D:5 Menkaure


Message History

Menkaure shouts!
The hound barks!
You hear a shout!
There is a stone staircase leading up here.
Menkaure casts a spell.
Menkaure seems to speed up.
You climb upwards.
There is a stone staircase leading down here.
There is an open door here.
Things that are here:
a +0 war axe; a kobold corpse
There is an open door here.
There is a stone staircase leading down here.
You climb downwards.
You hear the hiss of flowing sand.
There is an entrance to an ossuary on this level.
Hurry and find it before the portal is buried!
Level annotation: Menkaure The ogre shouts!
There is a stone staircase leading up here.
You throw a poisoned dart. The poisoned dart hits the ogre.
The ogre is poisoned.
A scorpion comes into view.
You throw a poisoned dart. The poisoned dart hits the ogre.
Okay, then.
Okay, then.
Okay, then.
Unknown command.
You barely miss the ogre.
The ogre is lightly wounded.
The ogre hits you with a +0 giant spiked club!
You barely miss the ogre.
The ogre is lightly wounded.
The ogre hits you with a +0 giant spiked club!
You hit the ogre.
The ogre looks as sick as possible!
The ogre is moderately wounded.
The ogre hits you but does no damage.
You climb upwards.
There is a stone staircase leading down here.
The ogre attacks as you move away!
The ogre hits you with a +0 giant spiked club!!
Ouch! That really hurt!
You die...

########### ######
#.....#...# #....#
#.###.#.### #....#
#####.#.#.#...########....#
#...#.....#.........##....#
#.#.#.....#..>......##....#
#.....<.#.@O........##....#
##.####.#.#.[........'....'
#......#.#)#'########....#
#†###.##.#...########....#
####[#
#....##...........####
#....# ####.##...........#
#.############...........#
#........#####..######'#.#
#..#####.#......# #.#.####


You could see an ogre (extremely poisoned).

Vanquished Creatures
  A black bear (D:4)
  An ogre (D:3)
  Crazy Yiuf (D:3)
  Natasha (twice) (D:4)
  An iguana (D:4)
  2 orc wizards
  4 adders
  An ufetubus (D:4)
  3 worms
  A dart slug (D:2)
  11 orcs
  2 bats (D:1)
  6 endoplasms
  A giant cockroach (D:3)
  4 hobgoblins
  A quokka (D:3)
  6 ball pythons
  2 frilled lizards (D:3)
  5 goblins
  4 kobolds
  3 rats
62 creatures vanquished.

Notes
Turn   | Place    | Note
-------+----------+-------------------------------------------
     0 | D:1      | devnull the Human Fighter began the quest for the Orb.
     0 | D:1      | Reached XP level 1. HP: 18/18 MP: 1/1
    67 | D:1      | Found a faded altar of an unknown god.
   568 | D:1      | Reached XP level 2. HP: 24/24 MP: 2/2
  1084 | D:2      | Reached skill level 3 in Axes
  1309 | D:2      | Reached XP level 3. HP: 29/29 MP: 3/3
  1625 | D:2      | Reached skill level 4 in Axes
  1625 | D:2      | Reached XP level 4. HP: 35/35 MP: 4/4
  1952 | D:3      | Noticed an ogre
  1966 | D:3      | Killed an ogre
  1967 | D:3      | Reached skill level 5 in Axes
  1967 | D:3      | Reached XP level 5. HP: 4/41 MP: 5/5
  2499 | D:3      | Found a radiant altar of Vehumet.
  2678 | D:3      | Found a runed translucent door.
  2679 | D:3      | Noticed Crazy Yiuf
  2857 | D:3      | Reached XP level 6. HP: 47/47 MP: 6/6
  3078 | D:3      | Killed Crazy Yiuf
  3079 | D:3      | Reached skill level 6 in Axes
  3300 | D:4      | Noticed Natasha
  3304 | D:4      | Killed Natasha
  3527 | D:4      | Found an ornate altar of the Wu Jian Council.
  3776 | D:4      | Noticed a black bear
  3800 | D:4      | Killed a black bear
  3801 | D:4      | Reached skill level 7 in Axes
  3801 | D:4      | Reached XP level 7. HP: 25/52 MP: 7/7
  3976 | D:4      | Noticed Natasha
  3981 | D:4      | Killed Natasha
  4267 | D:5      | Entered Level 5 of the Dungeon
  4451 | D:5      | Noticed Menkaure
  4505 | D:4      | Slain by an ogre

Illustrated notes

Levels and vault maps discovered:
D:1:      ncdulo_lavacross, layout_basic, shapermc_ecumenical_altar_petra
D:2:      layout_loops_ring, hex_tiny
D:3:      layout_loops_ring, nicolae_vehumet_radiance, uniq_crazy_yiuf_cottage
D:4:      layout_basic, mainiacjoe_overflow_paths, uniq_natasha
D:5:      layout_rooms, nicolae_ossuary_entry_plus, uniq_grinder, uniq_menkaure

Skill      XL: |  1  2  3  4  5  6 |
---------------+-------------------+-----
Axes           | 3 4 5 7 |  7.3
Fighting       | |  3.0
Armour         | |  3.0
Shields        | |  3.0

Action                   |  1- 3 |  4- 6 |  7- 9 || total
-------------------------+-------+-------+-------++-------
Melee: War axe           |    14 |       |       ||    14
       Spear             |    39 |   130 |    19 ||   188
Throw: Dart              |       |     5 |     5 ||    10
  Use: Potion            |       |     1 |       ||     1
       Scroll            |       |     3 |     1 ||     4
 Stab: Distracted        |       |       |     1 ||     1
Armor: Scale mail        |    15 |       |       ||    15
       Chain mail        |     1 |    43 |    12 ||    56
Dodge: Dodged            |    17 |    25 |     9 ||    51
Block: Buckler           |     7 |    23 |     3 ||    33
